 Dungeon Crawl Stone Soup version 0.19-a0-1111-gcceb26a (webtiles) character file.

81 JustSomeDude the Skirmisher (level 4, -2/35 HPs)
             Began as a Demonspawn Fighter on Aug 10, 2016.
             Slain by a gnoll
             ... wielding a +0 spear
              (6 damage)
             ... on level 2 of the Dungeon.
             The game lasted 00:03:39 (1321 turns).

JustSomeDude the Skirmisher (Demonspawn Fighter)    Turns: 1321, Time: 00:03:39

Health: -2/35      AC:  6    Str: 22    XL:     4   Next: 19%
Magic:  4/4        EV:  8    Int:  9    God:
Gold:   96         SH:  9    Dex: 13    Spells: 0 memorised, 3 levels left

rFire  . . .     SeeInvis .     a - +0 war axe
rCold  . . .     Gourm    .     b - +0 scale mail
rNeg   . . .     Faith    .     c - +0 shield
rPois  .         Spirit   .     (no helmet)
rElec  .         Dismiss  .     (no cloak)
rCorr  .         Reflect  .     (no gloves)
SustAt .         Harm     .     (no boots)
MR     .....                    (no amulet)
Stlth  ..........               (no ring)
                                (no ring)

@: mighty
A: hooves 1, demonic guardian 1
a: no special abilities


You were on level 2 of the Dungeon.
You were not hungry.

You visited 1 branch of the dungeon, and saw 2 of its levels.

You collected 96 gold pieces.

Inventory:

Hand Weapons
 a - a +0 war axe (weapon)
Armour
 b - a +0 scale mail (worn)
 c - a +0 shield (worn)
 k - a +0 large shield
Scrolls
 h - 2 scrolls of identify {unknown}
 i - 2 scrolls of recharging {unknown}
 n - a scroll of remove curse {unknown}
 p - 2 scrolls of fog {unknown}
 u - a scroll of immolation {unknown}
 v - a scroll of amnesia {unknown}
 w - a scroll of teleportation {unknown}
Potions
 e - a potion of haste {unknown}
 g - a potion of agility {unknown}
 l - a potion of curing {unknown}
 m - a potion of resistance {unknown}
 q - a potion of cancellation {unknown}
 r - a potion of degeneration {unknown}
Comestibles
 f - 4 bread rations
 j - 2 meat rations
 o - 6 chunks of flesh
 s - a slice of pizza
 t - a beef jerky


   Skills:
 + Level 3.3 Fighting
 + Level 2.4 Axes
 + Level 3.3 Armour
 + Level 1.3 Dodging
 + Level 3.1 Shields


You had 3 spell levels left.
You didn't know any spells.

Dungeon Overview and Level Annotations

Branches:
Dungeon (2/15)

Altars:
Zin


Innate Abilities, Weirdness & Mutations

You have large cloven feet.
A weak demonic guardian rushes to your aid.


Message History

The gnoll hits you from afar with a spear.
The gnoll hits you with a spear.
You closely miss the gnoll.
The gnoll is moderately wounded.
You block the gnoll's attack.
The gnoll hits you but does no damage. x2
You closely miss the gnoll.
The gnoll is moderately wounded.
You block the gnoll's attack.
The gnoll hits you from afar with a spear.
The gnoll closely misses you.
You feel very mighty all of a sudden.
The gnoll hits you from afar with a spear!
* * * LOW HITPOINT WARNING * * *
You block the gnoll's attack.
Okay, then.
You closely miss the gnoll. Your kick misses the gnoll.
The gnoll is moderately wounded.
The gnoll closely misses you. You block the gnoll's attack.
The gnoll hits you from afar with a spear.
You die...

#..# #..$.(.....# ....#
###..g.......# .)....
....g.......#
#####......
#..........#
...........
###....gg....#
...........
#......wg....#
..........
#g#....g)<...#
.......##
#g############
........## #@#
.........# ###5#
.........## #...#
..........####.###
#...........##.#
#............#.# ######
#........##....###....#
......................#
..#...................#


You could see 2 gnolls and a friendly crimson imp.

Vanquished Creatures
  2 adders
  2 oozes
  3 dart slugs
  2 giant geckos
  3 giant cockroaches
  3 goblins
  7 hobgoblins
  3 jackals (D:2)
  6 kobolds
  A quokka (D:2)
  7 bats
  5 rats
44 creatures vanquished.

Notes
Turn   | Place    | Note
-------+----------+-------------------------------------------
     0 | D:1      | JustSomeDude the Demonspawn Fighter began the quest for the Orb.
     0 | D:1      | Reached XP level 1. HP: 18/18 MP: 1/1
    91 | D:1      | Gained mutation: You have large cloven feet. [demonic ancestry]
    91 | D:1      | Reached XP level 2. HP: 24/24 MP: 2/2
   507 | D:1      | Reached XP level 3. HP: 28/29 MP: 3/3
  1091 | D:2      | Reached skill level 1 in Dodging
  1145 | D:2      | Gained mutation: A weak demonic guardian rushes to your aid. [demonic ancestry]
  1145 | D:2      | Reached XP level 4. HP: 32/35 MP: 4/4
  1246 | D:2      | Found a glowing silver altar of Zin.
  1321 | D:2      | Slain by a gnoll

Vault maps used:
D:1:      lemuel_arrival_room
D:2:      zin_treasury, first_bread

Skill      XL: |  1  2  3 |
---------------+----------+-----
Axes           | 2 |  2.4
Armour         | 3 |  3.3
Shields        | 3 |  3.1
Dodging        | 1 |  1.3
Fighting       | |  3.3

Action                   |  1- 3 |  4- 6 || total
-------------------------+-------+-------++-------
Melee: War axe           |   111 |    25 ||   136
       Kick              |    20 |     6 ||    26
  Use: Potion            |       |     1 ||     1
  Eat: Chunk             |     1 |     1 ||     2
Armor: Scale mail        |    75 |    22 ||    97
Dodge: Dodged            |    39 |    17 ||    56
Block: Shield            |    64 |    24 ||    88
